 Dungeon Crawl Stone Soup version 0.30.0 (webtiles) character file.

Game seed: 6082344814728176891

485713 jagoly the Scorcher (level 24, -27/142 HPs)
             Began as a Deep Elf Hedge Wizard on May 15, 2023.
             Was a High Priest of Sif Muna.
             Blown up by a lich (111 damage)
             ... with an orb of destruction
             ... on level 5 of the Vaults on May 17, 2023.
             The game lasted 07:10:18 (64960 turns).

jagoly the Scorcher (Deep Elf Hedge Wizard)        Turns: 64960, Time: 07:10:18

Health: -27/142    AC: 17    Str:  5    XL:     24   Next: 41%
Magic:  18/58      EV: 21    Int: 40    God:    Sif Muna [*****.]
Gold:   4073       SH: 12    Dex: 22    Spells: 2/63 levels left

rFire   + . .        B - +7 falchion of Dicuman {drain, rElec rF- Int+8}
rCold   + . .        t - +5 buckler "Ubbealit" {Dex+4}
rNeg    . . .        L - +3 troll leather armour of Unambiguity {Contam rF+ Regen+ Dex+4}
rPois   +            S - +2 hat of the Cockatrice {rPois Str-2 Stlth+}
rElec   +            D - scarf {repulsion}
rCorr   .            p - +2 pair of gloves {hurl}
SInv    .            e - +2 pair of boots {Stlth+}
Will    +++..        Q - amulet of magic regeneration
Stlth   +++++        c - ring "Jeng" {rF+ Will+}
HPRegen 1.23/turn    j - ring of the Heavens {rC+ MP+9}
MPRegen 0.76/turn

%: repel missiles
@: mighty, brilliant, marked, channelling, very slightly contaminated, hasted,
studying 2 skills, very quick
A: no striking features
a: Renounce Religion, Channel Magic, Forget Spell, Divine Exegesis


You were on level 5 of the Vaults.
You worshipped Sif Muna.
Sif Muna was extremely pleased with you.
You visited 11 branches of the dungeon, and saw 49 of its levels.
You visited 1 bazaar.
You also visited: Sewer, Gauntlet, Ice Cave, Volcano and Wizlab.

You collected 6269 gold pieces.
You spent 2196 gold pieces at shops.

Inventory:

Hand Weapons
 B - the +7 falchion of Dicuman (weapon) {drain, rElec rF- Int+8}
   (You found it on level 3 of the Elven Halls)

   Int:       It affects your intelligence (+8).
   rF:        It makes you vulnerable to fire.
   rElec:     It insulates you from electricity.
 M - the +6 dagger of Irrepressible Laughter {drain, rN++}
   (You found it on level 6 of the Dungeon)

   rN:        It greatly protects you from negative energy.
 P - the +10 falchion of the Tomato {flame, rF+ Will+}
   (You found it on level 2 of the Lair of Beasts)

   rF:        It protects you from fire.
   Will:      It increases your willpower.
Missiles
 u - 29 boomerangs
 K - 2 curare-tipped darts
 V - 10 silver javelins
Armour
 e - a +2 pair of boots of stealth (worn)
 p - a +2 pair of gloves of hurling (worn)
 t - the +5 buckler "Ubbealit" (worn) {Dex+4}
   (You found it on level 13 of the Dungeon)

   Dex:       It affects your dexterity (+4).
 D - a scarf of repulsion (worn)
 H - a +2 cloak of preservation
 L - the +3 troll leather armour of Unambiguity (worn) {Contam rF+ Regen+ Dex+4}
   (You found it on level 2 of the Elven Halls)

   Dex:       It affects your dexterity (+4).
   rF:        It protects you from fire.
   Contam:    It causes magical contamination when unequipped.
   Regen:     It increases your rate of health regeneration.
 S - the +2 hat of the Cockatrice (worn) {rPois Str-2 Stlth+}
   (You found it on level 4 of the Lair of Beasts)

   Str:       It affects your strength (-2).
   rPois:     It protects you from poison.
   Stlth:     It makes you more stealthy.
Magical Staves
 f - the staff of cold "Maprog Amia" {rC+ Dex+2}
   (You found it in a wizard's laboratory)

   [staff of cold]

   Base accuracy: +5 Base damage: 5 Base attack delay: 1.2 This weapon's minimum
   attack delay (0.6) is reached at skill level 12.
   Dex:       It affects your dexterity (+2).
   rC:        It protects you from cold.
   It falls into the 'Staves' category.
   It is a one-handed weapon.
 U - the staff of conjuration "Mois" {Int+5}
   (You found it on level 5 of the Pits of Slime)

   [staff of conjuration]

   Base accuracy: +5 Base damage: 5 Base attack delay: 1.2 This weapon's minimum
   attack delay (0.6) is reached at skill level 12.
   Int:       It affects your intelligence (+5).
   It falls into the 'Staves' category.
   It is a one-handed weapon.
Jewellery
 c - the ring "Jeng" (left hand) {rF+ Will+}
   (You found it on level 4 of the Lair of Beasts)

   [ring of willpower]

   rF:        It protects you from fire.
   Will:      It increases your willpower.
 h - the ring of Eternal Harmony {rF+ Str+3 Dex-3 SInv}
   (You found it on level 5 of the Pits of Slime)

   [ring of protection from fire]

   Str:       It affects your strength (+3).
   Dex:       It affects your dexterity (-3).
   rF:        It protects you from fire.
   SInv:      It lets you see invisible.
 j - the ring of the Heavens (right hand) {rC+ MP+9}
   (You took it off a deep elf death mage on level 3 of the Elven Halls)

   [ring of magical power]

   rC:        It protects you from cold.
   MP:        It affects your magic capacity (+9).
 Q - an amulet of magic regeneration (around neck)
 X - the ring "Nasis" {Will+ AC+4 Int+3 Dex+5}
   (You took it off a fire giant on level 3 of the Depths)

   [ring of protection]

   AC:        It affects your AC (+4).
   Int:       It affects your intelligence (+3).
   Dex:       It affects your dexterity (+5).
   Will:      It increases your willpower.
Wands
 l - a wand of light (45)
 I - a wand of digging (11)
 R - a wand of iceblast (73)
Scrolls
 b - a scroll of blinking
 g - 8 scrolls of fear
 i - 9 scrolls of immolation
 k - 15 scrolls of teleportation
 n - 3 scrolls of vulnerability
 w - 2 scrolls of amnesia
 y - 11 scrolls of poison
 J - 2 scrolls of butterflies
 N - 5 scrolls of fog
 O - 5 scrolls of magic mapping
 T - 2 scrolls of enchant armour
Potions
 a - 5 potions of invisibility
 d - 12 potions of magic
 m - 20 potions of curing
 q - 15 potions of might
 r - 8 potions of ambrosia
 s - 7 potions of resistance
 v - 14 potions of haste
 x - 14 potions of heal wounds
 A - 3 potions of cancellation
 E - 18 potions of mutation
 F - 11 potions of brilliance
 G - 9 potions of flight
Miscellaneous
 o - a tin of tremorstones (2/2)
 C - a lightning rod (4/4)
 W - a phantom mirror


   Skills:
 - Level 12.0 Fighting
 - Level 2.0 Throwing
 - Level 9.0 Armour
 - Level 15.0 Dodging
 - Level 4.0 Stealth
 - Level 9.0 Shields
 - Level 20.0 Spellcasting
 - Level 14.0 Conjurations
 - Level 2.0 Summonings
 - Level 17.0 Necromancy
 - Level 2.0 Translocations
 - Level 17.0 Transmutations
 - Level 20.0 Fire Magic
 - Level 4.0 Air Magic
 + Level 17.5 Earth Magic
 - Level 3.0 Poison Magic
 - Level 14.0 Invocations
 - Level 2.0 Evocations


You had 2 spell levels left.
You knew the following spells:

 Your Spells              Type           Power      Damage    Failure   Level
b - Borgnjor's Vile Clut  Necr/Erth      66%        N/A       1%          5
d - Dispel Undead         Necr           100%       3d31      0%          4
g - Starburst             Conj/Fire      66%        6d17      1%          6
o - Ignition              Fire           70%        3d18      2%          8
r - Lee's Rapid Deconstr  Erth           67%        3d30*     1%          5
v - Poisonous Vapours     Pois/Air       100%       N/A       1%          2
w - Passwall              Tmut/Erth      100%       N/A       0%          2
x - Iron Shot             Conj/Erth      64%        9d12      1%          6
B - Blink                 Tloc           100%       N/A       1%          2
L - Necromutation         Tmut/Necr      66%        N/A       9%          8
P - Ignite Poison         Fire/Tmut/Pois 100%       N/A       1%          3
T - Irradiate             Conj/Tmut      64%        3d33      1%          5
X - Arcjolt               Conj/Air       53%        1d63      1%          5

Your spell library contained the following spells:

 Spells                   Type           Power      Damage    Failure   Level
 Foxfire                  Conj/Fire      100%       2x1d9     0%          1
 Kiss of Death            Conj/Necr      100%       2d13      0%          1
 Magic Dart               Conj           100%       1d8       0%          1
 Necrotise                Necr           100%       1d9       0%          1
 Sandblast                Erth           100%       2d20      0%          1
 Scorch                   Fire           100%       2d9       0%          2
 Searing Ray              Conj           100%       2d8       0%          2
 Sublimation of Blood     Necr           100%       N/A       0%          2
 Wereblood                Tmut           100%       N/A       0%          2
 Apportation              Tloc           100%       N/A       1%          1
 Freeze                   Ice            100%       1d10      1%          1
 Shock                    Conj/Air       100%       1d9       1%          1
 Slow                     Hex            100%       N/A       1%          1
 Sting                    Tmut/Pois      100%       1d8       1%          1
 Summon Small Mammal      Summ           100%       N/A       1%          1
 Call Imp                 Summ           100%       N/A       1%          2
 Cigotuvi's Dreadful Rot  Necr/Pois/Air  100%       N/A       1%          2
 Momentum Strike          Conj/Tloc      100%       3d10      1%          2
 Static Discharge         Conj/Air       100%       2-7/arc   1%          2
 Ensorcelled Hibernation  Hex/Ice        100%       N/A       2%          2
 Stone Arrow              Conj/Erth      100%       3d13      0%          3
 Vampiric Draining        Necr           100%       2d13      0%          3
 Animate Dead             Necr           100%       N/A       0%          4
 Flame Wave               Conj/Fire      100%       2d21      0%          4
 Petrify                  Tmut/Erth      100%       N/A       0%          4
 Sticky Flame             Conj/Fire      100%       2d11      0%          4
 Call Canine Familiar     Summ           71%        N/A       1%          3
 Dazzling Flash           Conj/Hex       100%       N/A       1%          3
 Gell's Gravitas          Tloc           71%        N/A       1%          3
 Hailstorm                Conj/Ice       97%        3d19      1%          3
 Inner Flame              Hex/Fire       100%       N/A       1%          3
 Mephitic Cloud           Conj/Pois/Air  97%        N/A       1%          3
 Spider Form              Tmut/Pois      100%       N/A       1%          3
 Swiftness                Air            82%        N/A       1%          3
 Teleport Other           Tloc           71%        N/A       1%          3
 Volatile Blastmotes      Fire/Tloc      100%       2d18      1%          3
 Anguish                  Hex/Necr       52%        N/A       1%          4
 Animate Armour           Summ/Erth      100%       N/A       1%          4
 Fulminant Prism          Conj/Hex       48%        3d21      1%          4
 Ice Form                 Ice/Tmut       100%       N/A       1%          4
 Iskenderun's Mystic Bla  Conj/Tloc      100%       2d19      1%          4
 Leda's Liquefaction      Hex/Erth       52%        N/A       1%          4
 Agony                    Necr           100%       N/A       1%          5
 Alistair's Intoxication  Tmut/Pois      73%        N/A       1%          5
 Blade Hands              Tmut           66%        N/A       1%          5
 Fireball                 Conj/Fire      66%        3d25      1%          5
 Iskenderun's Battlesphe  Conj           100%       2d15      1%          5
 Yara's Violent Unravell  Hex/Tmut       52%        3d20      1%          5
 Death Channel            Necr           66%        N/A       1%          6
 Plasma Beam              Fire/Air       58%        2x1d81    1%          6
 Statue Form              Tmut/Erth      88%        N/A       1%          6
 Dragon Form              Tmut           66%        N/A       1%          7
 Portal Projectile        Hex/Tloc       100%       N/A       2%          3
 Summon Guardian Golem    Hex/Summ       64%        N/A       2%          3
 Airstrike                Air            41%        2d(6-22)  2%          4
 Freezing Cloud           Conj/Ice/Air   46%        6-21      3%          5
 Eringya's Noxious Bog    Tmut/Pois      55%        N/A       3%          6
 Orb of Destruction       Conj           61%        9d15      3%          7
 Confusing Touch          Hex            56%        N/A       4%          3
 Frozen Ramparts          Ice            100%       1d16      4%          3
 Tukima's Dance           Hex            56%        N/A       4%          3
 Olgreb's Toxic Radiance  Pois           77%        N/A       4%          4
 Summon Lightning Spire   Summ/Air       77%        N/A       4%          4
 Conjure Ball Lightning   Conj/Air       53%        3x3d18    5%          6
 Manifold Assault         Tloc           71%        N/A       6%          4
 Simulacrum               Ice/Necr       52%        N/A       7%          6
 Borgnjor's Revivificati  Necr           66%        N/A       9%          8
 Infestation              Necr           66%        N/A       9%          8
 Summon Ice Beast         Ice/Summ       64%        N/A       10%         4
 Cause Fear               Hex            28%        N/A       14%         4
 Lehudib's Crystal Spear  Conj/Erth      64%        10d15     14%         8
 Storm Form               Tmut/Air       55%        N/A       16%         7
 Silence                  Hex/Air        35%        N/A       17%         5
 Haunt                    Necr/Summ      54%        N/A       24%         7
 Summon Mana Viper        Hex/Summ       64%        N/A       26%         5
 Metabolic Englaciation   Hex/Ice        28%        N/A       36%         5
 Spellforged Servitor     Conj/Summ      51%        N/A       41%         7
 Dispersal                Tloc           35%        N/A       67%         6
 Shatter                  Erth           67%        3d49*     73%         9
 Death's Door             Necr           66%        N/A       80%         9
 Fire Storm               Conj/Fire      66%        8d17      80%         9
 Malign Gateway           Summ/Tloc      35%        N/A       99%         7
 Monstrous Menagerie      Summ           35%        N/A       99%         7
 Enfeeble                 Hex            28%        N/A       100%        7
 Ozocubu's Refrigeration  Ice            28%        4d13      100%        7
 Discord                  Hex            28%        N/A       100%        8
 Disjunction              Tloc           35%        N/A       100%        8
 Maxwell's Capacitive Co  Air            41%        ∞         100%        8
 Summon Horrible Things   Summ           35%        N/A       100%        8
 Chain Lightning          Conj/Air       53%        3d70      100%        9
 Polar Vortex             Ice            28%        N/A       100%        9


Dungeon Overview and Level Annotations

Branches:
Dungeon (15/15) Zot: 23553  Temple (1/1) D:5 Zot: 5936    Lair (5/5) D:8 Zot: 21698
  Swamp (4/4) Lair:3 Zot: 18256  Spider (4/4) Lair:2 Zot: 18341   Slime (5/5) Lair:4 Zot: 26004
    Orc (2/2) D:9 Zot: 8932     Elf (3/3) Orc:2 Zot: 13102  Vaults (5/5) D:13 Zot: 25506
  Crypt (0/3) Vaults:3     Depths (4/4) D:15 Zot: 17862    Hell (visited)
    Dis (0/7) Hell            Geh (0/7) Hell            Coc (0/7) Hell
    Tar (0/7) Hell            Zot (0/5) Depths:4      Sewer (visited)
  IceCv (visited)         Volcano (visited)          WizLab (visited)
Gauntlet (visited)

Altars:
Ashenzari
Cheibriados
Dithmenos
Elyvilon
Fedhas
Gozag
Hepliaklqana
Kikubaaqudgha
Makhleb
Nemelex Xobeh
Okawaru
Qazlal
Ru
Sif Muna
Trog
Uskayaw
Vehumet
Wu Jian
Xom
Yredelemnul
Zin
The Shining One
Jiyva
Lugonu

Shops:
D:7 *   D:15 :   Orc:2 [(?[

Portals:
Hell: Depths:1 Depths:2 Depths:3 Depths:4
Abyss: Vaults:1 Depths:3
Pandemonium: Depths:2
Ziggurat: Depths:2

Annotations:
D:10 1 transporter, 1 runed translucent door, Wizard1ke's ghost, journeyman MeEE
Swamp:1 1 exclusion
Spider:3 2 runed translucent doors, Taocaav's ghost, adept CeHu
Elf:2 3 runed translucent doors
Vaults:1 2 transporters, brinewave's ghost, adept MiBe
Vaults:2 Mennas
Depths:1 exclusion: door
Depths:3 1 runed translucent door, Himmaryad's ghost, adept TrMo


Message History

Aiming: Lee's Rapid Deconstruction (safe; 1% risk of failure)
Press: ? - help, Dir - move target A heavily etched crystal wall.
You feel a surge of power!
The crystal wall shatters!
The blast of crystal shards hits the stone giant!!!
The stone giant is severely wounded.
The blast of crystal shards hits the ettin!!!!
You kill the ettin!
Sif Muna accepts your kill.
An ogre mage comes into view. It is wielding a +0 flail.
A vault guard comes into view. It is wielding a +0 battleaxe.
A frost giant comes into view.
It is wielding a +0 battleaxe of freezing.
Cast which spell? (? or * to list)
Aiming: Lee's Rapid Deconstruction (safe; 1% risk of failure)
Press: ? - help, Dir - move target A heavily etched crystal wall.
You feel a surge of power!
The crystal wall shatters!
The blast of crystal shards hits the sphinx!!!
The sphinx is heavily wounded.
The blast of crystal shards hits the stone giant!!!
You kill the stone giant!
Sif Muna accepts your kill.
Cast which spell? (? or * to list)
Aiming: Lee's Rapid Deconstruction (safe; 1% risk of failure)
Press: ? - help, Dir - move target A heavily etched crystal wall.
You feel a surge of power!
The crystal wall shatters!
The blast of crystal shards hits the shadow dragon!!!
The shadow dragon is moderately wounded.
The blast of crystal shards hits the ogre mage!!!
You kill the ogre mage!
Sif Muna accepts your kill.
Cast which spell? (? or * to list)
You don't know that spell.
Unknown command.
Cast which spell? (? or * to list)
Aiming: Lee's Rapid Deconstruction (safe; 1% risk of failure)
Press: ? - help, Dir - move target A heavily etched crystal wall.
You feel a surge of power!
The crystal wall shatters!
The blast of crystal shards hits the two-headed ogre!!!!
You kill the two-headed ogre!
Sif Muna accepts your kill.
The blast of crystal shards hits the ogre!!!
You kill the ogre!
Sif Muna accepts your kill.
The blast of crystal shards hits the ogre!!!
You kill the ogre!
Sif Muna accepts your kill.
A war gargoyle comes into view.
It is wielding a +2 morningstar of holy wrath.
A deep troll comes into view.
A two-headed ogre comes into view.
It is wielding a +0 giant club and a +0 dire flail.
An ogre comes into view. It is wielding a +0 giant club.
Cast which spell? (? or * to list)
Aiming: Lee's Rapid Deconstruction (safe; 1% risk of failure)
Press: ? - help, Dir - move target A heavily etched crystal wall.
You feel a surge of power!
The crystal wall shatters!
The blast of crystal shards hits the shadow dragon!!
The shadow dragon is heavily wounded.
The blast of crystal shards hits the ogre!!!
You kill the ogre!
Sif Muna accepts your kill.
You see here a book of Changes.
Sif Muna grants you a gift!
A war gargoyle comes into view.
It is wielding a +0 flail of holy wrath.
Cast which spell? (? or * to list)
Aiming: Lee's Rapid Deconstruction (safe; 1% risk of failure)
Press: ? - help, Dir - move target A heavily etched crystal wall.
Okay, then.
Press: ? - help, v - describe, . - travel
Here: a freezing wraith The floor.
Unknown command.
Cast which spell? (? or * to list)
Okay, then.
Press: ? - help, v - describe, . - travel
Here: a freezing wraith The floor.
Unknown command.
Cast which spell? (? or * to list)
Casting: Ignition (dangerous; 2% risk of failure)
Press: ? - help, Dir - look around, f - activate You feel a surge of power!
The air bursts into flame!
The fireball engulfs the frost giant!!
The frost giant is moderately wounded.
The fireball engulfs the shadow dragon!!
The shadow dragon is severely wounded.
The fireball engulfs the freezing wraith!!
The freezing wraith is burned terribly!
The freezing wraith is heavily damaged.
The fireball engulfs the vault guard!!
The vault guard is heavily wounded.
The fireball engulfs the war gargoyle!
The war gargoyle resists.
The war gargoyle is moderately damaged.
The fireball engulfs the sphinx!!
The sphinx is severely wounded.
The fireball engulfs the two-headed ogre!!
The two-headed ogre is moderately wounded.
The fireball engulfs the deep troll!!
The deep troll is heavily wounded.
The fireball engulfs the deep troll!!
The deep troll is almost dead.
The fireball engulfs the war gargoyle!
The war gargoyle resists.
The war gargoyle is heavily damaged.
A dread lich comes into view.
A yaktaur captain comes into view.
The frost giant casts a spell at you. The bolt of cold misses you.
Cast which spell? (? or * to list)
Casting: Ignition (dangerous; 2% risk of failure)
Press: ? - help, Dir - look around, f - activate You feel a surge of power!
The air bursts into flame!
The fireball engulfs the frost giant!
The frost giant is moderately wounded.
The fireball engulfs the shadow dragon!!
The shadow dragon is almost dead.
The fireball engulfs the yaktaur captain!!
The yaktaur captain is moderately wounded.
The fireball engulfs the freezing wraith!!
The freezing wraith is burned terribly!
The freezing wraith is almost destroyed.
The fireball engulfs the war gargoyle!
The war gargoyle resists.
The war gargoyle is moderately damaged.
The fireball engulfs the dread lich!
The dread lich resists.
The dread lich is lightly damaged.
The fireball engulfs the vault guard!
The vault guard is heavily wounded.
The fireball engulfs the war gargoyle!
The war gargoyle resists.
The war gargoyle is severely damaged.
The fireball engulfs the sphinx!!
You kill the sphinx!
Sif Muna accepts your kill.
The fireball engulfs the two-headed ogre!
The two-headed ogre is heavily wounded.
The fireball engulfs the deep troll!!!
You kill the deep troll!
Sif Muna accepts your kill.
The fireball engulfs the war gargoyle!!
The war gargoyle resists.
The war gargoyle is severely damaged.
The fireball engulfs the war gargoyle!
The war gargoyle resists.
The war gargoyle is severely damaged.
The fireball engulfs the yaktaur captain!
The yaktaur captain is heavily wounded.
The fireball engulfs the yaktaur captain!!
The yaktaur captain is severely wounded.
The fireball engulfs the war gargoyle.
The war gargoyle resists.
The war gargoyle is almost destroyed.
A titan comes into view.
You block the freezing wraith's attack.
The freezing wraith hits you but does no damage.
An ancient lich comes into view.
Cast which spell? (? or * to list)
Casting: Ignition (dangerous; 2% risk of failure)
Press: ? - help, Dir - look around, f - activate You feel a surge of power!
The air bursts into flame!
The fireball engulfs the frost giant!
The frost giant is heavily wounded.
The fireball engulfs the ancient lich.
The ancient lich resists.
The ancient lich is lightly damaged.
The fireball engulfs the shadow dragon!!
You kill the shadow dragon!
Sif Muna accepts your kill.
The fireball engulfs the freezing wraith!!
The freezing wraith is burned terribly!
You destroy the freezing wraith!
Sif Muna accepts your kill.
The fireball engulfs the war gargoyle!
The war gargoyle resists.
The war gargoyle is almost destroyed.
The fireball engulfs the titan!!!
The titan is severely wounded.
The fireball engulfs the dread lich!
The dread lich resists.
The dread lich is lightly damaged.
The fireball engulfs the vault guard!!!
You kill the vault guard!
Sif Muna accepts your kill.
The fireball engulfs the war gargoyle!
The war gargoyle resists.
You destroy the war gargoyle!
Sif Muna accepts your kill.
The fireball engulfs the two-headed ogre!!
You kill the two-headed ogre!
Sif Muna accepts your kill. x2
You feel a bit more experienced.
The fireball engulfs the dread lich!
The dread lich resists.
The dread lich is moderately damaged.
The fireball engulfs the titan!
The titan is severely wounded.
The fireball engulfs the war gargoyle.
The war gargoyle resists.
You destroy the war gargoyle!
Sif Muna accepts your kill.
Cast which spell? (? or * to list)
Aiming: Lee's Rapid Deconstruction (safe; 1% risk of failure)
Press: ? - help, Dir - move target A heavily etched crystal wall.
You feel a surge of power!
The crystal wall shatters!
The blast of crystal shards hits the ancient lich!!
The ancient lich is moderately damaged.
The blast of crystal shards hits the frost giant!!!
The frost giant is almost dead.
A war gargoyle comes into view. It is wielding a +0 flail.
Mara, Lord of Illusions comes into view.
He is wielding a +2 vampiric demon blade and wearing a +0 robe of willpower.
The dread lich casts a spell.
A frost giant comes into view.
It is wielding a +2 battleaxe of freezing.
An ettin comes into view.
It is wielding a +0 dire flail and a +1 heavy dire flail.
Cast which spell? (? or * to list)
Aiming: Lee's Rapid Deconstruction (safe; 1% risk of failure)
Press: ? - help, Dir - move target A heavily etched crystal wall.
Okay, then.
A vault warden comes into view. It is wielding a +0 war axe.
The ancient lich casts a spell.
The ancient lich seems to speed up.
Mara blinks!
An ironbound preserver comes into view. It is wielding a +0 morningstar.
The titan casts a spell.
The titan is healed somewhat.
A yaktaur comes into view.
Cast which spell? (? or * to list)
Aiming: Lee's Rapid Deconstruction (safe; 1% risk of failure)
Press: ? - help, Dir - move target A heavily etched crystal wall.
You feel a surge of power!
The crystal wall shatters!
The blast of crystal shards hits the frost giant!!!
You kill the frost giant!
Sif Muna accepts your kill.
The blast of crystal shards hits the ancient lich!
The ancient lich is heavily damaged.
A tengu reaver comes into view. It is wielding a +0 war axe.
Cast which spell? (? or * to list)
Aiming: Lee's Rapid Deconstruction (safe; 1% risk of failure)
Press: ? - help, Dir - move target A heavily etched crystal wall.
You feel a surge of power!
The crystal wall shatters!
The blast of crystal shards hits the ancient lich!!!
The ancient lich is severely damaged.
The blast of crystal shards hits the tengu reaver!!!
The tengu reaver is severely wounded.
A lich comes into view.
The yaktaur wields a +0 arbalest.
The yaktaur shoots a bolt.
You block the bolt.
Mara blinks!
The ancient lich gestures wildly while chanting.
The ancient lich flickers and vanishes!
Deactivating autopickup; reactivate with Ctrl-A.
Cast which spell? (? or * to list)
Aiming: Lee's Rapid Deconstruction (safe; 1% risk of failure)
Press: ? - help, Dir - move target A heavily etched crystal wall.
You feel a surge of power!
The crystal wall shatters!
The blast of crystal shards hits something!!!
Sif Muna accepts your kill.
Reactivating autopickup.
You feel a bit more experienced.
The blast of crystal shards hits the tengu reaver!!!
You kill the tengu reaver!
Sif Muna accepts your kill.
A storm dragon comes into view.
Your Earth Magic skill increases to level 17!
Cast which spell? (? or * to list)
Aiming: Lee's Rapid Deconstruction (safe; 1% risk of failure)
Press: ? - help, Dir - move target A heavily etched crystal wall.
You feel a surge of power!
The crystal wall shatters!
The blast of crystal shards hits Mara!!!!
Mara is severely wounded.
The blast of crystal shards hits the vault warden!!
The vault warden is moderately wounded.
A deep troll comes into view.
The vault warden activates a sealing rune.
The lich launches a ball of destructive magic.
A yaktaur captain comes into view.
A tentacled monstrosity comes into view.
The yaktaur shoots a bolt.
You block the bolt.
An orb of destruction comes into view.
Cast which spell? (? or * to list)
Aiming: Lee's Rapid Deconstruction (safe; 1% risk of failure)
Press: ? - help, Dir - move target A heavily etched crystal wall.
You feel a surge of power!
The crystal wall shatters!
The blast of crystal shards hits Mara!
Mara is severely wounded.
The blast of crystal shards hits the ettin!!
The ettin is heavily wounded.
The blast of crystal shards hits the vault warden.
The vault warden is moderately wounded.
The blast of crystal shards hits something!!
A titan comes into view.
A vault guard comes into view. It is wielding a +0 war axe.
A vault sentinel comes into view. It is wielding a +0 long sword.
The titan mumbles some strange words.
The titan is healed somewhat.
The war gargoyle launches metal splinters at you.
The spray of metal splinters is repelled.
A vault warden comes into view. It is wielding a +0 war axe.
Cast which spell? (? or * to list)
Aiming: Lee's Rapid Deconstruction (safe; 1% risk of failure)
Press: ? - help, Dir - move target, f - ettin Fragment what (e.g. wall or brittle monster)?: an ettin, wielding a +0 dire flail and a +1 heavy dire flail (heavily wounded)
You cannot affect that.
Okay, then.
Unknown command.
Cast which spell? (? or * to list)
You feel a surge of power!
You erupt in a fountain of uncontrolled magic!
Mara is blasted with magical radiation!!!
You kill Mara!
Sif Muna accepts your kill.
You are very lightly contaminated with residual magic.
The storm dragon breathes lightning at you.
The bolt of lightning misses you.
Cast which spell? (? or * to list)
Aiming: Lee's Rapid Deconstruction (safe; 1% risk of failure)
Press: ? - help, Dir - move target, f - war gargoyle Fragment what (e.g. wall or brittle monster)?: a war gargoyle, wielding a +0 flail (catching its breath)
A sealed passage leading up, summoned.
You feel a surge of power!
The war gargoyle shatters!!!!
You blow up the war gargoyle!
Sif Muna accepts your kill.
The blast of metal fragments hits the hell beast!!!
The hell beast is severely wounded.
Something hits you but does no damage.
Deactivating autopickup; reactivate with Ctrl-A.
A deep troll comes into view.
A vault sentinel comes into view. It is wielding a +0 morningstar.
The vault sentinel blows a loud note on a signal horn!
An ironbound preserver comes into view. It is wielding a +0 mace of distortion.
The titan waves its arms in wide circles.
The air twists around and strikes you!
A yaktaur captain comes into view.
Unknown command.
Cast which spell? (? or * to list)
Aiming: Lee's Rapid Deconstruction (safe; 1% risk of failure)
Press: ? - help, Dir - move target A heavily etched crystal wall.
Okay, then.
Press: ? - help, v - describe, . - travel, g - get item
Here: an orb of destruction
Items here: a +2 war axe; a +0 plate armour; a human corpse.
The floor.
Unknown command.
Unknown command.
Unknown command.
A vault warden, 2 phantasmal warriors, a yaktaur and an ironbound preserver come into view.
The vault warden is wielding a +1 heavy battleaxe.
Found a +0 arbalest.
A queen bee appears out of thin air!
Reactivating autopickup.
The hell beast bites you! The hell beast closely misses you.
The frost giant hits you with a +2 battleaxe of freezing!
The frost giant freezes you.
The titan gestures wildly while chanting.
The titan is healed somewhat.
There is a sealed passage leading up, summoned, spattered with blood here.
Unknown command.
Cast which spell? (? or * to list)
Casting: Ignition (dangerous; 2% risk of failure)
Press: ? - help, Dir - look around, f - activate You feel a surge of power!
The air bursts into flame!
The fireball engulfs the yaktaur captain!!
The yaktaur captain is moderately wounded.
The fireball engulfs the titan!!
The titan is lightly wounded.
The fireball engulfs the hell beast!!!
You kill the hell beast!
The hell beast disappears in a puff of smoke!
The fireball engulfs the frost giant!!
The frost giant is moderately wounded.
The fireball engulfs the storm dragon!!
The storm dragon is moderately wounded.
The fireball engulfs the titan!
The titan is heavily wounded.
The fireball engulfs the ironbound preserver!!
The ironbound preserver is moderately wounded.
The fireball engulfs the dread lich!
The dread lich resists.
The dread lich is moderately damaged.
The fireball engulfs the phantasmal warrior!!
The phantasmal warrior is heavily damaged.
The fireball engulfs the ettin!!
The ettin is severely wounded.
The fireball engulfs the vault warden!!
The vault warden is moderately wounded.
The fireball engulfs the tentacled monstrosity!!
The tentacled monstrosity resists.
The tentacled monstrosity is lightly wounded.
The fireball engulfs the yaktaur captain!!
The yaktaur captain is moderately wounded.
The fireball engulfs the phantasmal warrior!!
The phantasmal warrior is heavily damaged.
The fireball engulfs the vault warden!!
The vault warden is moderately wounded.
The fireball engulfs the yaktaur!!
The yaktaur is heavily wounded.
The fireball engulfs the yaktaur!!
The yaktaur is severely wounded.
The fireball engulfs the queen bee!!
The queen bee is severely wounded.
The fireball engulfs the vault sentinel!
The vault sentinel is moderately wounded.
The fireball engulfs the lich!
The lich is lightly damaged.
The fireball engulfs the ironbound preserver!
The ironbound preserver is lightly wounded.
The fireball engulfs the vault warden!!
The vault warden is severely wounded.
The fireball engulfs the vault sentinel!!
The vault sentinel is heavily wounded.
The fireball engulfs the vault guard!!
The vault guard is heavily wounded.
The fireball engulfs the ironbound preserver!!
The ironbound preserver is lightly wounded.
The fireball engulfs the deep troll!!
The deep troll is heavily wounded.
The fireball engulfs the deep troll!!!
The deep troll is severely wounded.
The fireball engulfs the frost giant!!
The frost giant is heavily wounded.
The fireball engulfs the frost giant!!
The frost giant is almost dead.
The fireball engulfs the ettin!!
You kill the ettin!
Sif Muna accepts your kill.
The fireball engulfs the dread lich!
The dread lich resists.
The dread lich is moderately damaged.
The fireball engulfs the yaktaur captain!!!
The yaktaur captain is almost dead.
The fireball engulfs the frost giant!!!
You kill the frost giant!
Sif Muna accepts your kill.
The fireball engulfs the vault warden!!!
The vault warden is severely wounded.
The fireball engulfs the deep troll!
The deep troll is almost dead.
The fireball engulfs the deep troll!
You kill the deep troll!
Sif Muna accepts your kill.
The troll leather armour is intact enough to wear.
The fireball engulfs the phantasmal warrior!
The phantasmal warrior is almost destroyed.
The fireball engulfs the vault sentinel!!!
You kill the vault sentinel!
Sif Muna accepts your kill.
The fireball engulfs the ironbound preserver!
The ironbound preserver is moderately wounded.
The fireball engulfs the dread lich!
The dread lich resists.
The dread lich is heavily damaged.
The fireball engulfs the yaktaur!!
You kill the yaktaur!
Sif Muna accepts your kill.
The fireball engulfs the vault warden!!
The vault warden is severely wounded.
The fireball engulfs the ironbound preserver!!
The ironbound preserver is moderately wounded.
The fireball engulfs the vault guard!!
The vault guard is almost dead.
The fireball engulfs the tentacled monstrosity!
The tentacled monstrosity resists.
The tentacled monstrosity is moderately wounded.
The fireball engulfs the ironbound preserver!!!
The ironbound preserver is severely wounded.
The fireball engulfs the deep troll!!!
You kill the deep troll!
Sif Muna accepts your kill.
The troll leather armour is intact enough to wear.
The fireball engulfs the vault guard!!
You kill the vault guard!
Sif Muna accepts your kill.
The fireball engulfs the queen bee!
The queen bee is almost dead.
The fireball engulfs the vault warden.
The vault warden is severely wounded.
The fireball engulfs the tentacled monstrosity!
The tentacled monstrosity resists.
The tentacled monstrosity is moderately wounded.
The fireball engulfs the ironbound preserver!!
You kill the ironbound preserver!
Sif Muna accepts your kill.
The fireball engulfs the vault warden!!
You kill the vault warden!
Sif Muna accepts your kill.
The runic seals fade away.
The fireball engulfs the queen bee!!!
You kill the queen bee!
Sif Muna accepts your kill.
The queen bee's shape twists and changes as it dies.
The fireball engulfs the phantasmal warrior!!
You destroy the phantasmal warrior!
Sif Muna accepts your kill.
The fireball engulfs the vault warden!!
The vault warden is almost dead.
Cast which spell? (? or * to list)
You don't know that spell.
There are monsters nearby!
Unknown command.
Cast which spell? (? or * to list)
You feel a surge of power!
You blink.
A vault warden comes into view. It is wielding a +0 war axe.
The titan gestures at you while chanting.
The bolt of lightning hits you! You resist.
A vault guard comes into view. It is wielding a +0 battleaxe.
The vault warden activates a sealing rune.
The phantasmal warrior gestures at you.
The phantasmal warrior blinks!
The orb of destruction hits you!!!!
Ouch! That really hurt!
You die...

#.#.#..))##.
#).L.)))..#
###..°)))..#####
..).).°..)D.....
.cp)..<°..).....
.[))?<)§<.)))...
...)..<§).).....
###p)cL☼.)(#####
...pC)))@))Xp..#
.)..#.)).#).)))p
... #W...#[..)p.
.. #....#..[..#
# #..§.##...##
#....# ...#
#....# . #....#


You could see a tentacled monstrosity, 2 ironbound preservers, a titan, a dread
lich, a storm dragon, 2 vault wardens, a lich, a yaktaur captain, a vault guard,
a vault sentinel, a phantasmal warrior and a yaktaur.

Vanquished Creatures
  the Royal Jelly (Slime:5)
  3 ancient liches
  Mara (Vaults:5)
  3 juggernauts
  Saint Roka (Orc:2)
  2 caustic shrikes (Depths:3)
  Geryon (Hell)
  Nikola (Swamp:2)
  3 golden dragons (Depths:3)
  Arachne (Spider:4)
  3 tentacled monstrosities
  2 liches
  3 walking earthen tomes
  4 deep elf master archers
  Asterion (Vaults:2)
  15 acid blobs
  2 walking divine tomes (Depths:3)
  A quicksilver dragon (Vaults:4)
  2 deep elf blademasters (Elf:3)
  An ancient champion (Hell)
  2 walking frostbound tomes
  3 sphinxes
  The ghost of Caerwyn the Warrior, an adept DsIE of Jiyva (Swamp:1)
  4 thorn hunters (Swamp:4)
  Kirke (D:13)
  Gastronok (D:9)
  Donald (Vaults:3)
  3 tengu reavers
  11 rockslimes
  6 storm dragons
  5 deep elf sorcerers
  10 azure jellies
  The ghost of PublicAnimeNo1 the Severer, a journeyman MiFi of Dithmenos (Lair:5)
  4 shadow dragons
  A revenant (Hell)
  9 fire giants
  4 fenstrider witches
  2 iron dragons
  A draconian monk (Depths:4)
  A draconian knight (Depths:4)
  11 vault wardens
  11 frost giants
  2 balrugs (Hell)
  3 ghost moths
  Aizul (Elf:1)
  9 emperor scorpions
  4 spriggan defenders
  10 quicksilver oozes
  3 deep elf elementalists (Elf:3)
  9 very ugly things
  A cacodemon (Hell)
  7 stone giants
  7 ironbound thunderhulks
  A caustic shrike skeleton (Hell)
  4 reapers (Hell)
  2 broodmothers
  9 war gargoyles
  8 ironbound preservers
  A black draconian (Depths:4)
  6 deep elf demonologists
  2 elemental wellsprings (Hell)
  A putrid mouth (Hell)
  8 bunyips
  5 vampire knights
  2 white draconians
  3 lorocyprocas
  A minotaur (Gauntlet)
  6 deep elf annihilators (Elf:3)
  7 eleionomae
  A green draconian (Depths:4)
  8 dire elephants
  10 spark wasps
  A wendigo (Hell)
  Snorg (Orc:1)
  9 fire dragons
  7 deep elf death magi (Elf:3)
  9 ettins
  A spriggan zombie (Depths:3)
  6 shambling mangroves
  A deep elf high priest (Elf:3)
  9 entropy weavers
  8 great orbs of eyes
  9 yaktaur captains
  4 rakshasas
  12 hydras
  10 ice dragons
  30 vault guards
  3 peacekeepers
  2 catoblepae
  3 ghost crabs
  3 ogre magi
  10 boulder beetles
  A caustic shrike simulacrum (Hell)
  A juggernaut simulacrum (Hell)
  4 jorogumos
  3 radroaches
  7 deep troll shamans
  4 spriggan air magi
  11 alligators
  2 satyrs (WizLab)
  10 centaur warriors
  10 ironbound frosthearts
  14 dancing weapons
  16 two-headed ogres
  3 vampire magi
  4 deep troll earth magi
  12 death yaks (Lair:5)
  5 tengu warriors
  11 hell hogs
  4 naga sharpshooters (WizLab)
  An orc high priest (Orc:2)
  5 large abominations (D:13)
  6 spriggan berserkers
  10 sun demons (Hell)
  30 hell knights
  6 soul eaters
  A titan skeleton (Depths:3)
  6 deep elf knights
  6 iron trolls
  A sixfirhy (Hell)
  12 pharaoh ants
  A shadow wraith (Hell)
  3 skysharks
  An anaconda zombie (Hell)
  2 skeletal warriors
  5 sun moths (Spider:4)
  6 goliath frogs
  40 deep trolls
  A quicksilver dragon simulacrum (Hell)
  A glowing orange brain (Depths:4)
  3 bog bodies
  13 orb spiders
  5 flayed ghosts
  An orange crystal statue (IceCv)
  A fenstrider witch simulacrum (Swamp:1)
  5 spriggan druids
  8 swamp dragons
  A shadow demon (Hell)
  5 spectral hydras
  The ghost of PiratePeteNZ the Firebug, a novice OpFE of Sif Muna (D:8)
  14 deep elf archers
  13 ironbound convokers
  9 lindwurms
  9 wizards
  16 necromancers
  14 deep elf zephyrmancers
  6 phantasmal warriors
  5 oklob plants
  27 deep elf pyromancers
  5 steelbarb worms
  2 orc sorcerers (Orc:2)
  5 orc knights
  22 wolf spiders
  4 cyclopes
  47 ugly things
  5 moths of wrath (Spider:4)
  6 fauns (WizLab)
  2 will-o-the-wisps
  4 shining eyes
  An elf zombie (Vaults:2)
  5 demonic crawlers
  12 elephants
  4 eyes of devastation
  8 torpor snails
  A titan simulacrum (Depths:3)
  4 gargoyles
  8 rust devils (Hell)
  7 black mambas
  4 centaur skeletons (D:13)
  13 vault sentinels
  7 cane toads
  A human zombie (Vaults:2)
  3 molten gargoyles (Lair:5)
  6 kobold demonologists
  2 unseen horrors
  11 komodo dragons
  15 rime drakes (IceCv)
  A rime drake (shapeshifter) (D:15)
  29 yaktaurs
  3 tengu conjurers
  4 freezing wraiths
  An ice devil (Hell)
  A yaktaur (shapeshifter) (Vaults:5)
  5 trolls
  4 meliai
  26 polar bears
  A queen bee (shapeshifter) (Vaults:5)
  A merfolk (shapeshifter) (Depths:3)
  6 bloated husks
  A wind drake (shapeshifter) (Elf:1)
  11 tyrant leeches
  2 hydra zombies
  The ghost of Vixxxy the Firebug, an amateur DrFE (D:4)
  Grinder (D:5)
  26 tarantellas
  7 dream sheep (Lair:3)
  5 blink frogs (Lair:5)
  2 death drake skeletons (Swamp:4)
  19 hornets
  A fire giant simulacrum (Depths:3)
  A stone giant simulacrum (Hell)
  87 slime creatures
  A hydra skeleton (Swamp:4)
  41 jumping spiders
  28 culicivoras
  5 air elementals
  2 centaur simulacra (Hell)
  A spectral black mamba (Lair:5)
  15 spriggans
  5 shadows
  A dire elephant simulacrum (Hell)
  A water elemental (Elf:3)
  Eustachio (D:4)
  3 hogs (D:13)
  8 wyverns
  46 yaks
  11 golden eyes
  2 wraiths
  A chaos spawn (Depths:2)
  A steam dragon (Lair:5)
  4 fire elementals
  8 basilisks
  59 redbacks
  8 vampire mosquitoes
  3 acid dragons
  A glowing shapeshifter zombie (Vaults:2)
  6 wargs
  A death drake simulacrum (Swamp:1)
  16 swamp worms
  10 hell hounds
  3 hydra simulacra
  19 water moccasins
  3 floating eyes
  39 orc warriors
  4 swamp drakes
  A boulder beetle simulacrum (Lair:5)
  5 black bears
  3 ice beasts
  3 swamp dragon zombies (Swamp:4)
  2 spriggan simulacra
  11 ogres
  A boggart (D:13)
  17 centaurs
  20 wolves
  A black mamba simulacrum (Lair:5)
  A bullfrog (shapeshifter) (D:15)
  2 earth elementals
  9 kobold brigands
  7 small abominations (D:13)
  11 bullfrogs
  An ogre simulacrum (Vaults:2)
  2 gnoll sergeants
  6 wights
  8 killer bees
  3 electric eels
  A howler monkey (D:6)
  7 lava snakes
  22 orc priests
  5 hounds
  5 jellies
  Crazy Yiuf (D:7)
  A gnoll bouda (Orc:2)
  Ijyb (D:4)
  2 iguanas
  35 orc wizards
  18 gnolls
  3 river rats (Sewer)
  12 adders
  3 shadow imps (D:7)
  A white imp (D:7)
  4 worms
  98 orcs
  7 ball pythons
  6 bats
  9 endoplasms
  4 giant cockroaches
  13 hobgoblins
  2 jackals (D:2)
  5 quokkas
  5 frilled lizards
  5 goblins
  41 kobolds
  2 quokka zombies (D:8)
  24 rats
  2 briar patches (Swamp:4)
  A butterfly (Swamp:4)
  3 fire vortices (Hell)
2124 creatures vanquished.

Vanquished Creatures (collateral kills)
  A hydra skeleton (Swamp:4)
1 creature vanquished.

Vanquished Creatures (others)
  A bog body (Swamp:1)
  A bloated husk (Swamp:1)
  A water elemental (Elf:1)
  A harpy simulacrum (Hell)
  2 orcs (Orc:2)
  5 bushes (Lair:3)
  13 demonic plants (Gauntlet)
  26 fungi
  62 plants
  6 withered plants
118 creatures vanquished.

Grand Total: 2243 creatures vanquished

Notes
Turn   | Place    | Note
-------+----------+-------------------------------------------
     0 | D:1      | jagoly the Deep Elf Hedge Wizard began the quest for the
                  | Orb.
     0 | D:1      | Reached XP level 1. HP: 10/10 MP: 7/7
   267 | D:1      | Reached XP level 2. HP: 15/15 MP: 5/9
  1390 | D:2      | Reached skill level 5 in Spellcasting
  1487 | D:2      | Reached XP level 3. HP: 16/19 MP: 4/11
  2089 | D:2      | Reached XP level 4. HP: 24/24 MP: 9/13
  2481 | D:3      | Learned a level 3 spell: Mephitic Cloud
  2484 | D:3      | Learned a level 2 spell: Blink
  2916 | D:3      | Found a glowing golden altar of the Shining One.
  2936 | D:3      | Found a broken altar of Ashenzari.
  3345 | D:3      | Found a faded altar of an unknown god.
  3618 | D:4      | Noticed Eustachio
  3650 | D:4      | Killed Eustachio
  3651 | D:4      | Reached skill level 1 in Air Magic
  3651 | D:4      | Reached skill level 1 in Poison Magic
  3651 | D:4      | Reached skill level 1 in Fighting
  3651 | D:4      | Reached XP level 5. HP: 16/29 MP: 2/15
  3869 | D:4      | Noticed Ijyb
  3885 | D:4      | Killed Ijyb
  3886 | D:4      | Reached XP level 6. HP: 34/34 MP: 1/17
  4097 | D:4      | Found a runed translucent door.
  4103 | D:4      | Noticed Vixxxy's ghost (amateur DrFE)
  4918 | D:5      | Entered Level 5 of the Dungeon
  5087 | D:5      | Noticed Grinder
  5089 | D:5      | Paralysed by Grinder for 3 turns
  5107 | D:5      | Paralysed by Grinder for 3 turns
  5169 | D:5      | Found a staircase to the Ecumenical Temple.
  5181 | Temple   | Entered the Ecumenical Temple
  5229 | Temple   | Became a worshipper of Sif Muna the Loreminder
  5285 | D:5      | Reached skill level 1 in Evocations
  5401 | D:5      | Reached XP level 7. HP: 27/38 MP: 11/19
  5474 | D:5      | Found a glowing drain.
  5487 | Sewer    | Entered a sewer
  5860 | Sewer    | Reached * piety under Sif Muna
  6658 | D:6      | Identified the +6 dagger of Irrepressible Laughter {drain,
                  | rN++}
  6691 | D:6      | Reached skill level 1 in Earth Magic
  6817 | D:6      | Learned a level 5 spell: Lee's Rapid Deconstruction
  7386 | D:6      | Reached XP level 8. HP: 43/43 MP: 17/22
  7638 | D:7      | Found a runed translucent door.
  7639 | D:7      | Noticed Crazy Yiuf
  7646 | D:7      | Killed Crazy Yiuf
  7706 | D:7      | Reached ** piety under Sif Muna
  7899 | D:7      | Reached skill level 5 in Earth Magic
  8158 | D:7      | Found Peti's Lightly-Used Armoury.
  8404 | D:7      | Found the +8 autumn katana {manifold assault}
  9070 | D:8      | Found a staircase to the Lair.
  9265 | D:8      | Reached XP level 9. HP: 47/47 MP: 12/23
  9389 | D:8      | Found a runed translucent gate.
  9389 | D:8      | Found a runed translucent gate.
  9397 | D:8      | Reached skill level 10 in Earth Magic
  9706 | D:8      | Found a sand-covered staircase.
  9763 | D:8      | Reached *** piety under Sif Muna
  9764 | D:8      | Reached skill level 10 in Spellcasting
 10010 | D:8      | Found a runed translucent gate.
 10012 | D:8      | Noticed an 11-headed hydra
 10012 | D:8      | Noticed PiratePeteNZ's ghost (novice OpFE)
 10370 | D:8      | Reached skill level 5 in Invocations
 10370 | D:8      | Reached XP level 10. HP: 52/53 MP: 16/26
 10387 | D:9      | Noticed Gastronok
 10477 | D:9      | Noticed a boulder beetle
 10928 | D:4      | Killed Vixxxy's ghost
 11162 | D:5      | Killed Grinder
 11362 | D:8      | Killed PiratePeteNZ's ghost
 11364 | D:8      | Killed an 11-headed hydra
 11407 | D:8      | Identified the +1 war axe "Goblinslayer" {freeze, Drain
                  | +Blink Fly Str+5}
 11459 | D:8      | Reached skill level 1 in Throwing
 11770 | D:9      | Reached skill level 5 in Dodging
 11912 | D:9      | Reached **** piety under Sif Muna
 12001 | D:9      | Found a staircase to the Orcish Mines.
 12053 | D:9      | Killed a boulder beetle
 12054 | D:9      | Reached XP level 11. HP: 41/60 MP: 8/27
 12164 | D:9      | Noticed a two-headed ogre
 12174 | D:9      | Killed a two-headed ogre
 12722 | D:9      | Killed Gastronok
 12834 | D:9      | Found a bloodstained altar of Trog.
 12911 | D:10     | Entered Level 10 of the Dungeon
 13009 | D:10     | Found a transporter.
 13021 | D:10     | Learned a level 3 spell: Stone Arrow
 13196 | D:10     | Got the Tractate on the Iceberg
 13403 | D:10     | Found a shimmering altar of Xom.
 13404 | D:10     | Found a shimmering altar of Xom.
 13404 | D:10     | Found a shimmering altar of Xom.
 13407 | D:10     | Found a shimmering altar of Xom.
 13502 | D:10     | Found a runed translucent door.
 13504 | D:10     | Found a shimmering altar of Xom.
 13504 | D:10     | Noticed Wizard1ke's ghost (journeyman MeEE)
 13506 | D:10     | Noticed a +1 flail of chaos
 13954 | D:11     | Noticed a boulder beetle
 13965 | D:11     | Killed a boulder beetle
 14207 | D:11     | Reached skill level 5 in Fighting
 14543 | D:11     | Found a shimmering blue altar of Sif Muna.
 14603 | D:11     | Noticed a two-headed ogre
 14608 | D:11     | Killed a two-headed ogre
 15143 | D:11     | Reached XP level 12. HP: 69/69 MP: 20/30
 15373 | Lair:1   | Entered Level 1 of the Lair of Beasts
 16239 | Lair:2   | Found a hole to the Spider Nest.
 16245 | Lair:2   | Reached ***** piety under Sif Muna
 16516 | Lair:2   | Reached skill level 10 in Dodging
 16588 | Lair:2   | Received a gift from Sif Muna
 16589 | Lair:2   | Got Sif Muna's Vellum of Topography and Position {god gift}
 16601 | Lair:2   | Learned a level 5 spell: Borgnjor's Vile Clutch
 16608 | Lair:2   | Learned a level 6 spell: Iron Shot
 16714 | Lair:2   | Reached skill level 1 in Necromancy
 16714 | Lair:2   | Reached skill level 10 in Invocations
 17119 | Lair:2   | Noticed a catoblepas
 17125 | Lair:2   | Reached skill level 5 in Conjurations
 17127 | Lair:2   | Killed a catoblepas
 17576 | Lair:2   | Identified the +10 falchion of the Tomato {flame, rF+
                  | Will+}
 17874 | Lair:3   | Found a staircase to the Swamp.
 18031 | Lair:3   | Reached XP level 13. HP: 76/76 MP: 18/31
 18471 | Lair:3   | Identified the +5 rapier "Dehysu" {speed, rC+ rCorr}
 18475 | Lair:3   | Identified the +1 falchion of Recklessness {drain, rF+ rN+
                  | Str-4}
 18640 | Lair:3   | Reached skill level 10 in Conjurations
 19062 | Lair:4   | Found a viscous altar of Jiyva.
 19062 | Lair:4   | Found a staircase to the Slime Pits.
 19116 | Lair:4   | Reached skill level 1 in Shields
 19262 | Lair:4   | Found a hide-covered altar of Uskayaw.
 19269 | Lair:4   | Found an ornate altar of the Wu Jian Council.
 19354 | Lair:4   | Found a dark tunnel.
 19387 | Volcano  | Entered a volcano
 19441 | Volcano  | Found a bloodstained altar of Trog.
 19854 | Lair:4   | Found a runed translucent door.
 19922 | Lair:4   | Found a runed translucent gate.
 19924 | Lair:4   | Found a runed translucent gate.
 19925 | Lair:4   | Found a runed translucent gate.
 19925 | Lair:4   | Found a runed translucent gate.
 19925 | Lair:4   | Found a runed translucent gate.
 19925 | Lair:4   | Identified the +2 hat of the Cockatrice {rPois Str-2
                  | Stlth+}
 19927 | Lair:4   | Found a runed translucent gate.
 19935 | Lair:4   | Received a gift from Sif Muna
 19986 | Lair:4   | Got Sif Muna's Compilation of Vehement Glamour {god gift}
 20082 | Lair:4   | Identified the ring "Jeng" {rF+ Will+}
 20680 | Lair:5   | Entered Level 5 of the Lair of Beasts
 20981 | Lair:5   | Reached XP level 14. HP: 67/82 MP: 15/32
 21062 | Lair:5   | Found a runed translucent gate.
 21063 | Lair:5   | Found a runed translucent gate.
 21345 | Lair:5   | Found a runed translucent gate.
 21347 | Lair:5   | Noticed PublicAnimeNo1's ghost (journeyman MiFi)
 21559 | Lair:5   | Reached skill level 5 in Necromancy
 22189 | Lair:5   | Found a large runed translucent door.
 22191 | Lair:5   | Found a large runed translucent door.
 23112 | Lair:5   | Learned a level 4 spell: Dispel Undead
 23272 | Lair:5   | Killed PublicAnimeNo1's ghost
 23880 | D:12     | Received a gift from Sif Muna
 23881 | D:12     | Got Coesoefuagg's Octavo of the Destructive Mantle {god
                  | gift}
 24089 | D:12     | Reached skill level 5 in Shields
 24547 | D:12     | Learned a level 4 spell: Flame Wave
 24632 | Orc:1    | Entered Level 1 of the Orcish Mines
 24644 | Orc:1    | Reached skill level 1 in Fire Magic
 24860 | Orc:1    | Noticed Snorg
 24865 | Orc:1    | Killed Snorg
 25298 | Orc:2    | Entered Level 2 of the Orcish Mines
 25413 | Orc:2    | Found a staircase to the Elven Halls.
 25510 | Orc:2    | Found a gate leading to a gauntlet.
 25522 | Gauntlet | Entered a Gauntlet
 25522 | Gauntlet | Found a transporter.
 25525 | Gauntlet | Noticed a reaper
 25531 | Gauntlet | Found a transporter.
 25535 | Gauntlet | Found a transporter.
 25538 | Gauntlet | Found a transporter.
 25538 | Gauntlet | Found a transporter.
 25539 | Gauntlet | Found a transporter.
 25543 | Gauntlet | Found a runed translucent door.
 25545 | Gauntlet | Found a runed translucent door.
 25547 | Gauntlet | Found a transporter.
 25552 | Gauntlet | Found a transporter.
 25567 | Gauntlet | Found a transporter.
 25567 | Gauntlet | Noticed a quicksilver ooze
 25587 | Gauntlet | Found a transporter.
 25592 | Gauntlet | Found a transporter.
 25599 | Gauntlet | Found a transporter.
 25846 | Gauntlet | Reached XP level 15. HP: 88/88 MP: 10/33
 25893 | Gauntlet | Found the +18 shield of the Gong {Loud rN+ Will+ rCorr
                  | EV-5}
 25944 | Orc:2    | Received a gift from Sif Muna
 25946 | Orc:2    | Got Sif Muna's Codex of the Mortuary Lithosphere {god gift}
 25964 | Orc:1    | Learned a level 2 spell: Passwall
 26238 | Orc:2    | Found Vapoypu's Antique Armour Boutique.
 26767 | Orc:2    | Found Woresan's Magic Scroll Emporium.
 26816 | Orc:2    | Reached skill level 1 in Transmutations
 27420 | Orc:2    | Found Feleur's Antique Armour Emporium.
 27420 | Orc:2    | Noticed Saint Roka
 27449 | Orc:2    | Killed Saint Roka
 27577 | Orc:2    | Found Yceahuw's Antique Weapon Shoppe.
 27638 | Orc:2    | Bought a tattered robe for 188 gold pieces
 27638 | Orc:2    | Identified the +1 robe of the Trombone {Int+8} (You bought
                  | it in a shop on level 2 of the Orcish Mines)
 27638 | Orc:2    | Bought a shiny buckler for 247 gold pieces
 27712 | Orc:2    | Bought a scroll of identify for 28 gold pieces
 27712 | Orc:2    | Bought a scroll of identify for 28 gold pieces
 27879 | D:13     | Received a gift from Sif Muna
 27880 | D:13     | Got Sif Muna's Secrets of the Shocking Boulder {god gift}
 28227 | D:13     | Found a gate to the Vaults.
 28540 | D:13     | You fall into a shaft and drop 2 floors!
 28540 | D:15     | Entered Level 15 of the Dungeon
 28962 | D:13     | Noticed Kirke
 29000 | D:13     | Noticed a sphinx
 29001 | D:13     | Killed Kirke
 29231 | D:13     | Identified the +5 buckler "Ubbealit" {Dex+4}
 30279 | D:15     | Found Nehenwet's Book Shoppe.
 30705 | D:15     | Found a staircase to the Depths.
 31038 | D:15     | Reached XP level 16. HP: 95/95 MP: 25/35
 31218 | D:15     | Learned a level 5 spell: Irradiate
 31337 | D:15     | Bought a Young Poisoner's Handbook for 320 gold pieces
 31510 | Swamp:1  | Entered Level 1 of the Swamp
 31522 | Swamp:1  | Received a gift from Sif Muna
 31523 | Swamp:1  | Got Sif Muna's Folio of Beckoning and Attacks {god gift}
 31689 | Swamp:1  | Found a transporter.
 31714 | Swamp:1  | Found a transporter.
 31725 | Swamp:1  | Noticed Caerwyn's ghost (adept DsIE)
 32335 | Swamp:2  | Reached skill level 5 in Transmutations
 32646 | Swamp:2  | Noticed Nikola
 32758 | Lair:2   | Learned a level 6 spell: Starburst
 32759 | Spider:1 | Entered Level 1 of the Spider Nest
 33022 | Elf:1    | Entered Level 1 of the Elven Halls
 33415 | Elf:1    | Reached skill level 5 in Fire Magic
 34204 | Elf:1    | Noticed Aizul
 34465 | Swamp:3  | Received a gift from Sif Muna
 34596 | Swamp:3  | Got Sif Muna's Precepts of the Goat {god gift}
 34809 | Swamp:3  | Learned a level 5 spell: Fireball
 35055 | Swamp:3  | Reached skill level 10 in Fire Magic
 35649 | Swamp:4  | Entered Level 4 of the Swamp
 35697 | Swamp:4  | Reached XP level 17. HP: 100/100 MP: 2/36
 37085 | Swamp:4  | Received a gift from Sif Muna
 37388 | Swamp:4  | Found a blossoming altar of Fedhas.
 37478 | Swamp:4  | Reached skill level 10 in Fighting
 37598 | Swamp:4  | Found a basalt altar of Yredelemnul.
 38302 | Elf:1    | Paralysed by an air elemental for 1 turns
 38400 | Elf:1    | Killed Aizul
 38658 | Elf:2    | Identified the +12 arbalest "Wyffoo Rafi" {flame, Str+3}
 38684 | Elf:2    | Found a magical portal.
 38694 | WizLab   | Entered Eringya's Formal Garden
 39124 | WizLab   | Reached skill level 15 in Fire Magic
 39164 | WizLab   | Noticed a deep elf master archer
 39186 | WizLab   | Killed a deep elf master archer
 39363 | WizLab   | Noticed a deep elf master archer
 39367 | WizLab   | Killed a deep elf master archer
 39694 | WizLab   | Found a blossoming altar of Fedhas.
 39781 | WizLab   | Identified the staff of cold "Maprog Amia" {rC+ Dex+2}
 39897 | Elf:2    | Paralysed by an air elemental for 1 turns
 39908 | Elf:2    | Received a gift from Sif Muna
 39909 | Elf:2    | Got Sif Muna's Sophisticated Spellweaving {god gift}
 40152 | Elf:2    | Identified the +3 troll leather armour of Unambiguity
                  | {Contam rF+ Regen+ Dex+4}
 40242 | Elf:2    | Reached XP level 18. HP: 102/102 MP: 31/37
 40485 | Elf:2    | Found a runed translucent gate.
 40487 | Elf:2    | Found a runed translucent gate.
 40487 | Elf:2    | Found a runed translucent gate.
 40593 | Elf:2    | Learned a level 8 spell: Ignition
 40684 | Elf:3    | Entered Level 3 of the Elven Halls
 40690 | Elf:3    | Paralysed by an air elemental for 1 turns
 41075 | Elf:3    | Learned a level 2 spell: Poisonous Vapours
 41079 | Elf:3    | Learned a level 3 spell: Ignite Poison
 42240 | Elf:3    | Identified the +3 robe of Gravity {rC+}
 42243 | Elf:3    | Reached skill level 15 in Spellcasting
 42276 | Elf:3    | Identified the ring of the Heavens {rC+ MP+9}
 42560 | Elf:3    | Identified the staff of earth "Ipruzoco" {Will+++}
 42566 | Elf:3    | Identified the +3 spear of Zaith {freeze, rPois rC- Int+6}
 42568 | Elf:3    | Identified a scroll of acquirement
 42639 | Elf:3    | Identified the +7 falchion of Dicuman {drain, rElec rF-
                  | Int+8}
 42847 | Orc:2    | Acquired 874 gold pieces
 42896 | Orc:2    | Learned a level 5 spell: Fireball
 43273 | Spider:1 | Received a gift from Sif Muna
 44450 | Spider:2 | Received a gift from Sif Muna
 44451 | Spider:2 | Got Sif Muna's Compilation of Unspeakable Secrets {god
                  | gift}
 44490 | Spider:2 | Reached XP level 19. HP: 112/112 MP: 27/41
 44938 | Spider:2 | Identified the +8 trident "Raxkib" {vamp, rPois rF+++
                  | Int-2}
 45929 | Spider:3 | Found a large runed translucent door.
 45929 | Spider:3 | Found a large runed translucent door.
 45934 | Spider:3 | Noticed Taocaav's ghost (adept CeHu)
 46502 | Spider:4 | Entered Level 4 of the Spider Nest
 46669 | Spider:4 | Received a gift from Sif Muna
 46807 | Spider:4 | Found a frozen archway.
 46827 | IceCv    | Entered an ice cave
 47715 | IceCv    | Received a gift from Sif Muna
 47716 | IceCv    | Got Cerebov's Handbook of Pyromania {god gift}
 48089 | Spider:4 | Reached skill level 1 in Armour
 48669 | Spider:4 | Noticed Arachne
 48673 | Spider:4 | Killed Arachne
 49026 | Spider:4 | Reached skill level 5 in Armour
 49073 | Spider:4 | Reached XP level 20. HP: 80/114 MP: 29/44
 49085 | Spider:4 | Received a gift from Sif Muna
 49086 | Spider:4 | Got Sif Muna's Compendium of Flames {god gift}
 49733 | Swamp:1  | Killed Caerwyn's ghost
 49740 | Swamp:1  | Acquired a manual of Summonings
 49796 | Swamp:2  | Killed Nikola
 50357 | Slime:1  | Entered Level 1 of the Pits of Slime
 50779 | Slime:5  | Entered Level 5 of the Pits of Slime
 50948 | Slime:5  | Noticed the Royal Jelly
 51080 | Slime:5  | Received a gift from Sif Muna
 51099 | Slime:5  | Got Pieramir's Omnibus of Teratogeny and Incineration {god
                  | gift}
 51214 | Slime:5  | Killed the Royal Jelly
 51476 | Slime:5  | Identified the +0 plate armour of Inference {*Slow rElec
                  | rCorr SInv}
 51498 | Slime:5  | Identified the ring of Eternal Harmony {rF+ Str+3 Dex-3
                  | SInv}
 51541 | Slime:5  | Identified the staff of conjuration "Mois" {Int+5}
 51976 | Depths:1 | Entered Level 1 of the Depths
 51977 | Depths:1 | Found a flickering gateway to a bazaar.
 52067 | Bazaar   | Entered a bazaar
 52081 | Bazaar   | Found Yduh's Book Shoppe.
 52081 | Bazaar   | Found Muure's General Store.
 52103 | Bazaar   | Found Ojiahic's Magic Scroll Shoppe.
 52103 | Bazaar   | Found Posk's Assorted Antiques.
 52168 | Bazaar   | Bought a potion of haste for 340 gold pieces
 52456 | Depths:1 | Found a gateway to Hell.
 52487 | Depths:1 | Reached skill level 10 in Transmutations
 53349 | Depths:1 | Reached XP level 21. HP: 122/122 MP: 39/47
 54472 | Depths:2 | Found a one-way gate leading to the halls of Pandemonium.
 54535 | Depths:2 | Learned a level 5 spell: Arcjolt
 54565 | Depths:2 | Received a gift from Sif Muna
 54566 | Depths:2 | Got Sif Muna's Incunabulum of Blasting {god gift}
 54777 | Depths:2 | Found a shadowy altar of Dithmenos.
 54947 | Depths:2 | Found a one-way gateway to a ziggurat.
 54951 | Depths:2 | Paralysed by a floating eye for 3 turns
 55114 | Depths:3 | Found a runed translucent door.
 55115 | Depths:3 | Noticed Himmaryad's ghost (adept TrMo)
 55155 | Depths:3 | Found a radiant altar of Vehumet.
 55218 | Depths:3 | Found a white marble altar of Elyvilon.
 55439 | Depths:3 | Noticed a golden dragon
 55443 | Depths:3 | Killed a golden dragon
 55481 | Depths:3 | Noticed a caustic shrike
 55488 | Depths:3 | Killed a caustic shrike
 55559 | Depths:3 | Noticed a golden dragon
 55651 | Depths:3 | Killed a golden dragon
 55718 | Depths:3 | Noticed a golden dragon
 55727 | Depths:3 | Killed a golden dragon
 55800 | Depths:3 | Noticed a juggernaut
 55809 | Depths:3 | Killed a juggernaut
 55813 | Depths:3 | Identified the ring "Nasis" {Will+ AC+4 Int+3 Dex+5}
 55961 | Depths:3 | Noticed a caustic shrike
 55967 | Depths:3 | Killed a caustic shrike
 56080 | Depths:3 | Noticed an ancient lich
 56088 | Depths:3 | Killed an ancient lich
 56229 | Depths:3 | Reached skill level 15 in Dodging
 56364 | Depths:3 | Reached XP level 22. HP: 130/130 MP: 32/48
 56436 | Depths:3 | Found a corrupted altar of Lugonu.
 56436 | Depths:3 | Found a one-way gate to the infinite horrors of the Abyss.
 56627 | Depths:4 | Entered Level 4 of the Depths
 56668 | Depths:4 | Received a gift from Sif Muna
 56783 | Depths:4 | Found Leunkete's Distillery.
 57171 | Depths:4 | Found a gate to the Realm of Zot.
 57288 | Depths:4 | Noticed a juggernaut
 57295 | Depths:4 | Killed a juggernaut
 57340 | Depths:4 | Reached skill level 10 in Necromancy
 57457 | Depths:4 | Noticed a juggernaut
 57479 | Depths:4 | Killed a juggernaut
 57803 | Depths:4 | Found a blossoming altar of Fedhas.
 58480 | Depths:4 | Bought a potion of magic for 152 gold pieces
 58480 | Depths:4 | Bought a potion of heal wounds for 95 gold pieces
 58480 | Depths:4 | Bought a potion of heal wounds for 95 gold pieces
 58480 | Depths:4 | Bought a potion of curing for 57 gold pieces
 58480 | Depths:4 | Bought 2 potions of haste for 380 gold pieces
 58480 | Depths:4 | Bought a potion of heal wounds for 95 gold pieces
 58480 | Depths:4 | Bought a potion of curing for 57 gold pieces
 58480 | Depths:4 | Bought 2 potions of curing for 114 gold pieces
 58545 | Hell     | Entered the Vestibule of Hell
 58545 | Hell     | Noticed Geryon
 58551 | Hell     | Received a gift from Sif Muna
 58557 | Hell     | Killed Geryon
 58646 | Hell     | Got Caivewew's Compilation of Prime Clouds {god gift}
 59162 | Hell     | Found a gateway to the decaying netherworld of Tartarus.
 59208 | Hell     | Learned a level 8 spell: Necromutation
 59437 | Hell     | Found a gateway to the ashen valley of Gehenna.
 59892 | Hell     | Found a gateway to the Iron City of Dis.
 59930 | Hell     | Found a gateway to the freezing wastes of Cocytus.
 59932 | Hell     | Received a gift from Sif Muna
 60046 | Hell     | Paralysed by a wendigo for 1 turns
 60468 | Vaults:1 | Entered Level 1 of the Vaults
 60584 | Vaults:1 | Reached XP level 23. HP: 136/136 MP: 49/49
 61079 | Vaults:1 | Found a transporter.
 61080 | Vaults:1 | Noticed brinewave's ghost (adept MiBe)
 61083 | Vaults:1 | Found a transporter.
 61121 | Vaults:1 | Reached skill level 15 in Necromancy
 61624 | Vaults:2 | Noticed Mennas
 61871 | Vaults:2 | Learned a level 5 spell: Lee's Rapid Deconstruction
 61878 | Vaults:2 | Received a gift from Sif Muna
 61882 | Vaults:2 | Got Sif Muna's Octavo of the Underground Throng {god gift}
 61925 | Vaults:2 | Noticed an ancient lich
 61934 | Vaults:2 | Killed an ancient lich
 61935 | Vaults:2 | Reached skill level 15 in Transmutations
 62125 | Vaults:2 | Noticed Asterion
 62130 | Vaults:2 | Killed Asterion
 62326 | Vaults:3 | Identified the +9 chain mail "Goubredo" {Fly rF++ Str+4
                  | Int-3 Stlth-}
 62451 | Vaults:3 | Noticed Donald
 62454 | Vaults:3 | Received a gift from Sif Muna
 62459 | Vaults:3 | Killed Donald
 62500 | Vaults:3 | Got Dellyx's Almanac of the Shifting Sun {god gift}
 62878 | Vaults:3 | Found a staircase to the Crypt.
 62878 | Vaults:3 | Found a basalt altar of Yredelemnul.
 62878 | Vaults:3 | Found an ancient bone altar of Kikubaaqudgha.
 64056 | Vaults:4 | Received a gift from Sif Muna
 64069 | Vaults:4 | Got Sif Muna's Encyclopedia of Intoxication and the Lungs
                  | {god gift}
 64630 | Vaults:4 | Reached XP level 24. HP: 142/142 MP: 49/49
 64929 | Vaults:5 | Entered Level 5 of the Vaults
 64931 | Vaults:5 | Reached skill level 15 in Earth Magic
 64945 | Vaults:5 | Received a gift from Sif Muna
 64946 | Vaults:5 | Noticed a dread lich
 64947 | Vaults:5 | Noticed an ancient lich
 64949 | Vaults:5 | Noticed Mara
 64953 | Vaults:5 | Killed an ancient lich
 64956 | Vaults:5 | Killed Mara
 64960 | Vaults:5 | Blown up by a lich

Illustrated notes

Levels and vault maps discovered:
D:1:      tarquinn_simple_flora_water_a, layout_basic
D:2:      layout_basic, corexii_corridor_pit
D:3:      layout_loops_corners, tso_altar, mainiacjoe_overflow_six_doors_small,
          ebering_ecumenical_altar_abandoned
D:4:      layout_loops_ring, ebering_ghost_reflecting_pool, uniq_eustachio,
          uniq_ijyb
D:5:      layout_loops_ring, minmay_temple_entry_overgrown,
          gup_sewer_entry_bubbles, chequers_serial_rivers_small_3, uniq_grinder
D:6:      layout_basic
D:7:      layout_loops_corners, st_stairs_3, minmay_shop_damaged,
          uniq_crazy_yiuf_cottage
D:8:      layout_cave_pools, lair_entry_dummy, gammafunk_ghost_hydra_chop,
          enter_ossuary_4
D:9:      layout_irregular_city, lemuel_round_altar, david_orc_3, uniq_gastronok
D:10:     layout_roguey, xom_redecorated, ebering_ghost_xom,
          kennysheep_cluttered_room, nicolae_diode_basic
D:11:     layout_loops_ring, kennysheep_orc_sif_temple
D:12:     layout_irregular_city
D:13:     layout_irregular_city, hangedman_vaults_entry_quadrant_bands,
          laboratory, uniq_kirke
D:14:     layout_long_grid, grunt_decor_resistance
D:15:     hangedman_depths_entry_civil_slaughter, layout_irregular_city,
          serial_shops, nicolae_book_shop_shelving
Temple:   eino_narrow_crystal_temple
Lair:1:   layout_chaotic_city, guppyfry_lair_drakes, grunt_megastairs_2
Lair:2:   beast_lair_carwin_large_3, layout_gridlike, spider_nest_entry_a,
          serial_bayou_shore_a, serial_bayou_shore_b
Lair:3:   layout_concentric_octagons, swamp_mist, st_stairs_10,
          forest_entry_grove, infiniplex_staircase_pool_2
Lair:4:   gammafunk_indiana_jones, layout_cave_pods, minmay_slime_entry_pillars,
          nicolae_volcano_entry_two_sided, minivault_11,
          nzn_masters_of_martial_movement
Lair:5:   cheibrodos_lair_end_hotspot, layout_gridlike,
          gammafunk_ghost_necromancy, serial_bayou_pond_c, serial_bayou_shore_b
Swamp:1:  nicolae_swamp_standing_stones, layout_basic_swamp,
          gammafunk_ghost_mausoleum, serial_swamp_ruin,
          evilmike_swamp_ruin_house_4, evilmike_swamp_ruin_house_5,
          evilmike_swamp_ruin_rubble_2
Swamp:2:  layout_basic_swamp, evilmike_swamp_ruin_house_2, swamp_pool2,
          nicolae_swamp_oxbows, uniq_nikola
Swamp:3:  layout_falls_marsh, evilmike_swamp_ruin_house_3, uniq_louise
Swamp:4:  byrel_swamp_growth_death_and_undeath, layout_basic_swamp, swamp_pool3,
          nicolae_swamp_frolicking_bunyips
Spider:1: nicolae_spider_mines_2
Spider:2: layout_spider_delve, drop_trap
Spider:3: layout_spider_delve, ebering_ghost_disaster_area
Spider:4: johnstein_spider_rune_arachne_lair,
          portal_ice_cave_entry_pillars_three, uniq_arachne
Slime:1:  layout_caves
Slime:2:  layout_caves, nicolae_slime_welcoming_committee
Slime:3:  layout_caves, nicolae_slime_barrier
Slime:4:  layout_caves
Slime:5
Orc:1:    layout_caves, uniq_snorg
Orc:2:    grunt_orc_community_town_hall, layout_diamond_mine,
          grunt_orc_community_big_house_2, grunt_orc_community_big_house_1,
          grunt_orc_community_house_1, grunt_orc_community_house_3,
          grunt_orc_community_house_1, grunt_orc_community_house_2,
          grunt_orc_community_house_1, gauntlet_entry_generic
Elf:1:    layout_gridlike, evilmike_minifort, uniq_aizul
Elf:2:    nicolae_elf_blades_crystal_corner, layout_loops_cross,
          infiniplex_enter_wizlab_spiral
Elf:3:    elf_hall, layout_gridlike
Vaults:1: gammafunk_ghost_abyssal_escape, grunt_vaults_trifunnel,
          nicolae_vaults_circle_grid_b, v_misc_18, ontoclasm_vaults_fault,
          layout_vaults_omnigrid
Vaults:2: nicolae_vaults_lightning_bolt, vaults_room_fancy_cross,
          nicolae_vaults_cornered_office, v_pattern_1,
          nicolae_vaults_statue_guard, nicolae_vaults_wine_cellar,
          nicolae_vaults_little_squares_3, nicolae_vaults_heart-shaped_vault,
          vaults_standard_mumra_x, nicolae_vaults_double_plus_1,
          nicolae_vaults_cochlea, grunt_vaults_hallway_long, v_alt_pattern_5,
          v_alt_pattern_1, vaults_dpeg_hooks, layout_vaults_maze, serial_shops,
          nicolae_shop_pleasant_corner_grove, uniq_mennas, uniq_asterion
Vaults:3: v_alt_pattern_1, nicolae_vaults_offset_grid_hallway_2,
          minmay_crypt_entry_necro_gods, nicolae_vaults_trapezoid_layered,
          nicolae_vaults_big_angled_halls, nicolae_vaults_lopsided_apartments,
          ontoclasm_vaults_ring_square, grunt_vaults_funnel,
          nicolae_vaults_ring_of_whatevers, ontoclasm_vaults_idyll,
          vaults_dpeg_encased_lava, layout_vaults_ring, uniq_donald
Vaults:4: nicolae_vaults_security_offices_4, v_misc_26,
          vaults_room_grunt_arrival_ludios, nicolae_vaults_closet_pinwheel_1,
          v_misc_22, nicolae_vaults_hexular_roomagon, v_misc_30,
          vaults_room_door_hall, v_alt_pattern_4, ontoclasm_vaults_hangar,
          hangedman_vaults_trim, ontoclasm_vaults_shuriken, vaults_room_pools,
          layout_vaults_omnibox
Vaults:5: uniq_mara, uniq_frederick
Depths:1: evilmike_wizard_prison, layout_gridville, hangedman_decor_lopped,
          serial_shops, bzr_entry_dummy, hell_entry, nrook_mini_vaults,
          kennysheep_generic_room_5
Depths:2: minmay_distorted_concentric_squares, layout_basic, enter_ziggurat_d,
          grunt_hell_horde, nicolae_dithmenos_through_a_glass_darkly,
          grunt_pan_entry_zigzag, infiniplex_staircase_pool_lava
Depths:3: minmay_tile_spiral, layout_twisted_cross, vehumet_crystals,
          abyss_entry_flame_altar, hell_entry, gammafunk_ghost_grave,
          elyvilon_altar_4, infiniplex_staircase_pool_1
Depths:4: evilmike_zot_entry_diamond, layout_basic, serial_shops, shop,
          hangedman_tar_grid_catacomb, fedhas_altar_fruit_tree,
          grunt_megastairs_3
Hell

Skill      XL: |  1  2  3  4  5  6  7  8  9 10 11 12 13 14 15 16 17 18 19 20 21 22 23 24 |
---------------+-------------------------------------------------------------------------+-----
Stealth        | 3 4 |  4.0
Conjurations   | 2 3 4 7 11 12 14 | 14.0
Spellcasting   | 5 6 8 10 12 13 16 18 20 | 20.0
Translocations | 2 |  2.0
Air Magic      | 1 2 3 4 |  4.0
Poison Magic   | 1 2 3 |  3.0
Fighting       | 1 2 3 5 6 7 8 9 10 11 12 | 12.0
Dodging        | 3 5 8 10 12 13 14 15 | 15.0
Evocations     | 1 2 |  2.0
Earth Magic    | 3 9 10 11 12 14 17 | 17.5
Invocations    | 5 8 10 12 13 14 | 14.0
Throwing       | 2 |  2.0
Necromancy     | 2 4 6 8 14 17 | 17.0
Shields        | 4 6 7 8 9 |  9.0
Fire Magic     | 2 11 16 19 20 | 20.0
Transmutations | 2 5 6 10 12 14 16 17 | 17.0
Armour         | 5 6 8 9 |  9.0
Summonings     | 2 |  2.0

Action                     |  1- 3 |  4- 6 |  7- 9 | 10-12 | 13-15 | 16-18 | 19-21 | 22-24 || total
---------------------------+-------+-------+-------+-------+-------+-------+-------+-------++-------
  Melee: Dagger            |     1 |    20 |    71 |    39 |    13 |     7 |       |     6 ||   157
         Punch             |       |       |     1 |     1 |       |       |       |       ||     2
         Falchion          |       |       |       |       |    46 |    12 |    15 |    35 ||   108
         Staff             |       |       |       |       |       |       |     1 |       ||     1
  Throw: Dart              |       |       |       |     3 |     3 |       |       |       ||     6
         Stone             |       |       |       |     1 |       |       |       |       ||     1
         Boomerang         |       |       |       |       |       |     1 |       |       ||     1
   Cast: Magic Dart        |   108 |   106 |   236 |    89 |       |     1 |       |       ||   540
         Mephitic Cloud    |       |     5 |     8 |     9 |     4 |       |       |       ||    26
         Blink             |       |     1 |     9 |     6 |    15 |     2 |     9 |    10 ||    52
         Lee's Rapid Decon |       |       |    25 |   142 |    78 |     6 |       |    40 ||   291
         Stone Arrow       |       |       |       |   112 |   251 |    53 |       |       ||   416
         Iron Shot         |       |       |       |     2 |   217 |   239 |   285 |   223 ||   966
         Borgnjor's Vile C |       |       |       |     2 |    90 |   196 |    98 |    70 ||   456
         Dispel Undead     |       |       |       |       |     9 |     2 |    10 |    17 ||    38
         Flame Wave        |       |       |       |       |    11 |       |       |       ||    11
         Irradiate         |       |       |       |       |       |    27 |    25 |    29 ||    81
         Fireball          |       |       |       |       |       |    46 |       |       ||    46
         Starburst         |       |       |       |       |       |    32 |     2 |     3 ||    37
         Poisonous Vapours |       |       |       |       |       |   108 |   303 |   126 ||   537
         Ignite Poison     |       |       |       |       |       |    61 |   174 |    77 ||   312
         Ignition          |       |       |       |       |       |       |    61 |    70 ||   131
         Arcjolt           |       |       |       |       |       |       |       |    14 ||    14
         Polar Vortex      |       |       |       |       |       |       |       |     1 ||     1
         Necromutation     |       |       |       |       |       |       |       |     1 ||     1
 Invoke: Channel Magic     |       |       |       |     1 |     1 |     6 |     8 |     6 ||    22
         Divine Exegesis   |       |       |       |       |       |       |       |     1 ||     1
  Evoke: Wand              |       |       |       |       |       |     1 |       |       ||     1
         Phantom mirror    |       |       |       |       |       |     1 |       |       ||     1
    Use: Scroll            |       |     4 |     3 |     2 |     7 |    29 |     7 |     1 ||    53
         Potion            |       |       |       |       |       |    10 |     2 |     3 ||    15
   Stab: Confused          |       |     2 |     3 |     4 |       |       |       |       ||     9
 Armour: Robe              |     3 |    13 |    36 |    31 |    97 |    16 |    15 |       ||   211
         Troll leather arm |       |       |       |       |       |       |    25 |    56 ||    81
  Dodge: Dodged            |     6 |    16 |    77 |    79 |   172 |    77 |   125 |   155 ||   707
         Repelled          |       |       |       |       |       |       |       |     2 ||     2
  Block: Buckler           |       |       |       |       |    55 |    87 |    92 |   122 ||   356
         Reflection        |       |       |       |       |     1 |       |       |       ||     1
